 Dungeon Crawl Stone Soup version 0.21.1-1-g345015fe64 (webtiles) character file.

185 Razz the Insei (level 5, -7/35 HPs)
             Began as an Octopode Transmuter on June 7, 2018.
             Killed from afar by abdbla's ghost (13 damage)
             ... with a spray of energy
             ... on level 5 of the Dungeon.
             The game lasted 00:12:00 (3687 turns).

Razz the Insei (Octopode Transmuter)                Turns: 3687, Time: 00:12:01

Health: -7/35      AC:  2    Str:  9    XL:     5   Next: 64%
Magic:  7/10       EV: 19    Int: 17    God:
Gold:   92         SH:  0    Dex: 17    Spells: 4/10 levels left

rFire    . . .     SeeInvis .     - Unarmed
rCold    + . .     Gourm    .   (shield currently unavailable)
rNeg     . . .     Faith    .   (helmet currently unavailable)
rPois    x         Spirit   .   (no amulet)
rElec    .         Reflect  .   e - ring of protection from cold
rCorr    .         Harm     .   (no ring)
MR       .....                  (no ring)
Stlth    +.........             (no ring)
HPRegen  0.11/turn              (no ring)
MPRegen  0.12/turn              (no ring)
                                (no ring)
                                (no ring)

@: confused, spider-form, hasted, very quick
A: tiny, almost no armour, stealthy swim, (amphibious), 8 rings, (constrict 8)
a: End Transformation


You were on level 5 of the Dungeon.
You were hungry.
You were a venomous arachnid creature.
You visited 1 branch of the dungeon, and saw 5 of its levels.

You collected 211 gold pieces.
You spent 119 gold pieces at shops.

Inventory:

Hand Weapons
 m - a +2 long sword of slicing (melded)
Missiles
 a - 32 arrows
Jewellery
 e - a ring of protection from cold (left front leg)
Wands
 v - a wand of flame (25)
Scrolls
 d - a scroll of enchant weapon {unknown}
 f - 3 scrolls of teleportation {unknown}
 h - 2 scrolls of fog {unknown}
 i - a scroll of random uselessness {unknown}
 k - a scroll of blinking {unknown}
 o - a scroll of enchant armour
 p - a scroll of noise {unknown}
 r - a scroll of fear
 s - a scroll of remove curse
Potions
 g - a potion of invisibility {unknown}
 j - 2 potions of curing
 l - a potion of haste
 n - a potion of lignification {unknown}
 q - a potion of berserk rage {unknown}
 t - 2 potions of mutation {unknown}
Books
 b - a book of Changes

   Spells                             Type                      Level
   a - Beastly Appendage              Transmutation                1
   b - Sticks to Snakes               Transmutation                2
   c - Spider Form                    Transmutation/Poison         3
   d - Ice Form                       Ice/Transmutation            4
   e - Blade Hands                    Transmutation                5
 u - a book of Necromancy

   Spells                             Type                      Level
   a - Pain                           Necromancy                   1
   b - Animate Skeleton               Necromancy                   1
   c - Vampiric Draining              Necromancy                   3
   d - Regeneration                   Charms/Necromancy            3
   e - Animate Dead                   Necromancy                   4
   f - Borgnjor's Vile Clutch         Necromancy/Earth             5
Comestibles
 c - 9 rations


   Skills:
 + Level 2.4 Fighting
 - Level 2.0 Dodging
 + Level 3.6 Unarmed Combat
 + Level 3.3 Spellcasting
 * Level 3.5 Transmutations


You had 4 spell levels left.
You knew the following spells:

 Your Spells              Type           Power        Failure   Level  Hunger
a - Beastly Appendage     Tmut           ##....       13%         1    None
b - Sticks to Snakes      Tmut           ##......     17%         2    ##.....
c - Spider Form           Tmut/Pois      #.........   45%         3    ###....


Dungeon Overview and Level Annotations

Branches:
Dungeon (5/15)
 Temple: D:4-7

Altars:
Elyvilon
Makhleb

Shops:
D:4 **

Annotations:
D:5 abdbla's ghost, novice SpEn


Innate Abilities, Weirdness & Mutations

You cannot wear most types of armour.
You are very stealthy in the water. (Stealth+)
((You are amphibious.))
You can wear up to eight rings at the same time.
((You can use your tentacles to constrict eight enemies at once.))
((Your skin changes colour to match your surroundings (Stealth+).))
((Your rubbery body absorbs attacks. (AC +1, EV +1)))


Message History

You turn into a venomous arachnid creature.
Your +2 long sword of slicing melds into your body.
You are engulfed in noxious fumes.
You choke on the stench!
You are confused.
* * * LOW HITPOINT WARNING * * *
You miss abdbla's ghost.
You are engulfed in noxious fumes.
You choke on the stench!
You are more confused.
* * * LOW HITPOINT WARNING * * *
Abdbla's ghost hits you.
* * * LOW HITPOINT WARNING * * *
You are engulfed in noxious fumes.
You choke on the stench!
You are more confused.
You are engulfed in noxious fumes.
You choke on the stench!
You are more confused.
You are engulfed in noxious fumes.
You choke on the stench!
You are more confused.
Abdbla's ghost gestures at you while chanting.
The spray of energy hits you!
You die...

#### ..# ####.### ##
##......#..
#....§..#.# # #
#..#W§..#.##.#
#.#..#s........#
...........#.####
.##....##......###.#
#................#
....^......<..###
.##.#...##.....#
#.##.###.....# ^ ...
####### ..##


You could see abdbla's ghost.

Vanquished Creatures
  A hound (D:4)
  A worker ant zombie (D:3)
  2 adders
  2 howler monkey skeletons
  A shadow imp (D:5)
  An ooze (D:1)
  4 worms
  2 dart slugs
  5 leopard geckos
  An orc (D:3)
  6 bats
  2 giant cockroaches
  8 goblins
  13 hobgoblins
  4 jackals (D:1)
  3 quokkas
  2 ball pythons
  A frilled lizard (D:1)
  A giant cockroach zombie (D:3)
  A jackal zombie (D:3)
  7 kobolds
  7 rats
75 creatures vanquished.

Notes
Turn   | Place    | Note
-------+----------+-------------------------------------------
     0 | D:1      | Razz the Octopode Transmuter began the quest for the Orb.
     0 | D:1      | Reached XP level 1. HP: 13/13 MP: 3/3
   115 | D:1      | Reached XP level 2. HP: 14/18 MP: 5/5
   612 | D:1      | Reached XP level 3. HP: 6/24 MP: 6/6
  1193 | D:1      | Learned a level 2 spell: Sticks to Snakes
  1197 | D:1      | Learned a level 3 spell: Spider Form
  1274 | D:2      | Found a white marble altar of Elyvilon.
  1699 | D:2      | Reached XP level 4. HP: 25/29 MP: 6/8
  2719 | D:3      | Reached XP level 5. HP: 17/34 MP: 9/9
  2942 | D:4      | Found Lociaquko's General Store.
  2950 | D:4      | Bought a scroll of fear for 49 gold pieces
  2950 | D:4      | Bought a scroll of remove curse for 42 gold pieces
  2950 | D:4      | Bought a scroll of identify for 28 gold pieces
  2968 | D:4      | Found Kuphipt's Assorted Antiques.
  3283 | D:4      | Noticed an ogre
  3332 | D:4      | Found a burning altar of Makhleb.
  3569 | D:4      | Noticed an ogre
  3643 | D:5      | Entered Level 5 of the Dungeon
  3643 | D:5      | Noticed abdbla's ghost (novice SpEn)
  3687 | D:5      | Killed from afar by abdbla's ghost

Skill      XL: |  1  2  3  4 |
---------------+-------------+-----
Fighting       | 2 |  2.4
Transmutations | 3 |  3.5
Spellcasting   | 3 |  3.3
Dodging        | |  2.0
Unarmed Combat | |  3.6

Action                   |  1- 3 |  4- 6 || total
-------------------------+-------+-------++-------
Melee: Unarmed           |    81 |    24 ||   105
       Constrict         |    27 |    20 ||    47
       Tentacles         |    15 |    14 ||    29
       Punch             |     1 |     2 ||     3
       Long sword        |     5 |    62 ||    67
 Cast: Spider Form       |       |     1 ||     1
  Use: Scroll            |     3 |     2 ||     5
       Potion            |       |     3 ||     3
 Stab: Sleeping          |     5 |     3 ||     8
       Distracted        |       |     1 ||     1
  Eat: Ration            |     1 |     1 ||     2
       Chunk             |       |     1 ||     1
Armor: Skin              |    10 |     4 ||    14
Dodge: Dodged            |    51 |    47 ||    98
       Rpst.: Long sword |     1 |     8 ||     9
